 Dungeon Crawl Stone Soup version 0.23.2 (webtiles) character file.

Game seed: 4107436304155185987

380 Borgoz the Cutter (level 6, -1/51 HPs)
             Began as a Ghoul Gladiator on Apr 3, 2019.
             Slain by an ogre
             ... wielding a +0 giant club
              (12 damage)
             ... on level 4 of the Dungeon.
             The game lasted 00:03:08 (1346 turns).

Borgoz the Cutter (Ghoul Gladiator)                 Turns: 1346, Time: 00:03:09

Health: -1/51      AC:  4    Str: 18    XL:     6   Next: 75%
Magic:  5/5        EV: 13    Int:  8    God:
Gold:   41         SH:  0    Dex: 10    Spells: 5/5 levels left

rFire    . . .     SeeInvis .   a - +1 rapier
rCold    + . .     Gourm    .   (no shield)
rNeg     + + +     Faith    .   b - +0 leather armour
rPois    ∞         Spirit   .   c - +0 helmet
rElec    .         Reflect  .   (no cloak)
rCorr    .         Harm     .   (no gloves)
MR       .....                  (no boots)
Stlth    ++........             (no amulet)
HPRegen  0.00/turn              l - +3 ring of intelligence
MPRegen  0.09/turn              (no ring)

@: rotting
A: rotting body, claws 1, carnivore, cold resistance 1, negative energy
resistance 3, inhibited regeneration, torment resistance, unbreathing
a: no special abilities


You were on level 4 of the Dungeon.
You were not hungry.

You visited 1 branch of the dungeon, and saw 3 of its levels.

You collected 41 gold pieces.

Inventory:

Hand Weapons
 a - a +1 rapier (weapon)
Missiles
 q - 5 tomahawks (quivered)
Armour
 b - a +0 leather armour (worn)
 c - a +0 helmet (worn)
Jewellery
 l - a +3 ring of intelligence (left claw)
Scrolls
 e - a scroll of blinking {unknown}
 i - a scroll of amnesia {unknown}
 j - a scroll of fear {unknown}
Potions
 g - a potion of cancellation
Comestibles
 f - a ration


   Skills:
 + Level 3.3 Fighting
 * Level 4.1 Short Blades
 - Level 1.7 Throwing
 * Level 2.7 Armour
 * Level 4.0 Dodging
 + Level 2.4 Stealth


You had 5 spell levels left.
You didn't know any spells.
Your spell library was empty.

Dungeon Overview and Level Annotations

Branches:
Dungeon (2/15)

Altars:
Dithmenos
Kikubaaqudgha
Ru
Yredelemnul


Innate Abilities, Weirdness & Mutations

Your body is rotting away.
You thrive on raw meat.
You are immune to poison.
You have sharp fingernails.
You are carnivorous and can eat meat at any time.
Your flesh is cold resistant. (rC+)
You are immune to negative energy. (rN+++)
You do not regenerate when monsters are visible.
You are immune to unholy pain and torment.
You can survive without breathing.


Message History

You puncture the orc!
You kill the orc!
Throwing (i - inventory. (/) - cycle)
d - a throwing net (quivered)
Press: ? - help, Shift-Dir - straight line, f - ogre
Aim: an ogre, wielding a +0 giant club You throw a throwing net.
The throwing net barely misses the ogre.
The ogre hits you with a +0 giant club!
* * * LOW HITPOINT WARNING * * *
You hit the ogre.
The ogre is moderately wounded.
Eat a chunk of flesh? (ye/n/q)
You eat the chunk of flesh.
This raw flesh tastes great!
The ogre misses you.
You barely miss the ogre.
The ogre is moderately wounded.
The ogre closely misses you.
You puncture the ogre!
The ogre is heavily wounded.
The ogre hits you with a +0 giant club!
You die...

#....# #.............# #.#######
#.............## #.##....#
#..(..........## ######÷......#
#.............## #.'_'...#....#
#............†). #.###...#....#
################ #)##....#....##
# ##.......#.....######### #
.........(.....O@....... #
...............####.######.######
###......#..##.### #........
#.....###.##...# #........
#.....#...<....# #........
#.....#....#...# #........
#....)#....#...# #........
#.....#........# #########
#...#....#


You could see an ogre.

Vanquished Creatures
  A phantom (D:4)
  An ogre (D:4)
  A scorpion (D:4)
  A bullfrog skeleton (D:4)
  Jessica (D:2)
  An iguana (D:4)
  2 adders (D:4)
  3 adder skeletons (D:4)
  A worm (D:4)
  5 orcs (D:4)
  4 giant cockroaches (D:1)
  6 goblins (D:1)
  3 hobgoblins
  2 kobolds
  6 bats (D:1)
  A jackal skeleton (D:4)
  5 rats (D:1)
44 creatures vanquished.

Notes
Turn   | Place    | Note
-------+----------+-------------------------------------------
     0 | D:1      | Borgoz the Ghoul Gladiator began the quest for the Orb.
     0 | D:1      | Reached XP level 1. HP: 17/17 MP: 0/0
   257 | D:1      | Reached XP level 2. HP: 23/24 MP: 1/1
   674 | D:1      | Reached XP level 3. HP: 26/30 MP: 2/2
   912 | D:2      | Found an ancient bone altar of Kikubaaqudgha.
   920 | D:2      | Found a basalt altar of Yredelemnul.
   925 | D:2      | Found a sacrificial altar of Ru.
   990 | D:2      | Reached skill level 1 in Armour
   992 | D:2      | Noticed Jessica
   999 | D:2      | Killed Jessica
   999 | D:2      | Reached skill level 1 in Stealth
  1050 | D:2      | You fall through a shaft for 2 floors!
  1091 | D:4      | Noticed a phantom
  1092 | D:4      | Reached XP level 4. HP: 30/37 MP: 3/3
  1142 | D:4      | Killed a phantom
  1142 | D:4      | Reached XP level 5. HP: 37/44 MP: 4/4
  1147 | D:4      | Got a distressingly furry leather armour
  1158 | D:4      | Identified the cursed +1 leather armour "Guaboxt" {-Tele
                  | *Corrode rN+++ Str+5} (You found it on level 4 of the
                  | Dungeon)
  1246 | D:4      | Noticed an ogre
  1283 | D:4      | Killed an ogre
  1283 | D:4      | Reached XP level 6. HP: 6/51 MP: 5/5
  1311 | D:4      | Found a shadowy altar of Dithmenos.
  1346 | D:4      | Slain by an ogre

Skill      XL: |  1  2  3  4  5  6 |
---------------+-------------------+-----
Short Blades   | 3 4 |  4.1
Dodging        | 3 4 |  4.0
Armour         | 1 2 |  2.7
Stealth        | 1 2 |  2.4
Fighting       | 3 |  3.3
Throwing       | |  1.7

Action                   |  1- 3 |  4- 6 || total
-------------------------+-------+-------++-------
Melee: Rapier            |    85 |    86 ||   171
Throw: Throwing net      |       |     4 ||     4
  Use: Scroll            |       |     5 ||     5
  Eat: Chunk             |     4 |    18 ||    22
Armor: Leather armour    |    29 |    11 ||    40
Dodge: Dodged            |    71 |    36 ||   107
